 Dungeon Crawl Stone Soup version 0.30-a0-718-geaa24f58ff (webtiles) character file.

Game seed: 9517474116222287849

210203 hikkokomori the Warrior (level 18, 0/107 HPs)
             Began as a Vine Stalker Fighter on Jan 26, 2023.
             Was the Champion of Okawaru.
             Slain by a water elemental (2 damage)
             ... summoned by an elemental wellspring
             ... on level 3 of the Shoals.
             The game lasted 01:12:41 (28032 turns).

hikkokomori the Warrior (Vine Stalker Fighter)     Turns: 28032, Time: 01:12:42

Health: 0/107      AC: 32    Str: 22    XL:     18   Next: 84%
Magic:  0/26       EV: 17    Int: 10    God:    Okawaru [******]
Gold:   788        SH: 21    Dex: 19    Spells: 17/23 levels left

rFire   . . .      SeeInvis .    t - +9 hand axe "Cimuic" {drain, Dex+2}
rCold   . . .      Faith    .    b - +2 kite shield {AC+3}
rNeg    . . .      Spirit   +    R - +7 storm dragon scales
rPois   .          Reflect  +    U - +1 helmet
rElec   +          Harm     .    B - scarf {repulsion}
rCorr   .          Rampage  .    G - +2 pair of gloves of Untruth {Regen+}
Will    ++...                    u - +0 pair of boots Stlth
                                 a - amulet of reflection
HPRegen 1.97/turn                J - +5 ring of evasion
MPRegen 0.20/turn                Z - +4 ring of slaying

@: engulfed (cannot breathe), hasted, repel missiles, slow
A: fangs 3, regeneration 1, magic shield, antimagic bite, no potion heal 2
}: 1/15 runes: serpentine
a: Renounce Religion, Heroism, Finesse, Duel


You were on level 3 of the Shoals.
You worshipped Okawaru.
Okawaru was exalted by your worship.
You visited 6 branches of the dungeon, and saw 26 of its levels.
You also visited: Sewer, Ossuary, Gauntlet, Ice Cave and Volcano.

You collected 3025 gold pieces.
You spent 2237 gold pieces at shops.

Inventory:

Hand Weapons
 t - the +9 hand axe "Cimuic" (weapon) {drain, Dex+2}
   (You found it on level 5 of the Dungeon)

   Dex:       It affects your dexterity (+2).
 C - a +0 hand crossbow of flaming
Missiles
 q - 4 throwing nets
 T - 7 silver javelins (quivered)
Armour
 b - a +2 kite shield of protection (worn)
 u - a +0 pair of boots (worn)
 w - a +2 plate armour of willpower
 B - a scarf of repulsion (worn)
 G - the +2 pair of gloves of Untruth (worn) {Regen+}
   (You found it in a Gauntlet)

   Regen:     It increases your rate of health regeneration.
 R - +7 storm dragon scales (worn)
 U - a +1 helmet (worn)
Jewellery
 a - an amulet of reflection (around neck)
 e - a ring of ice
 y - a ring of fire
 J - a +5 ring of evasion (left hand)
 M - a ring of see invisible
 O - a ring of flight
 Q - a +6 ring of strength
 S - a ring of willpower
 W - the amulet "Maot" {Acrobat rPois Stlth+}
   (You found it in a Gauntlet)

   [amulet of the acrobat]

   It increases your evasion while moving and waiting.
   rPois:     It protects you from poison.
   Stlth:     It makes you more stealthy.
 Z - a +4 ring of slaying (right hand)
Wands
 z - a wand of roots (26)
 A - a wand of paralysis (17)
 D - a wand of mindburst (33)
 I - a wand of light (28)
 X - a wand of digging (2)
Scrolls
 c - 3 scrolls of magic mapping
 k - 3 scrolls of blinking
 n - 6 scrolls of teleportation
 p - 9 scrolls of poison
 v - 5 scrolls of amnesia
 x - 4 scrolls of enchant weapon
 E - 2 scrolls of torment
 F - 3 scrolls of fear
 K - 5 scrolls of vulnerability
 L - 2 scrolls of silence
 N - a scroll of fog
 Y - 2 scrolls of brand weapon
Potions
 d - 6 potions of brilliance
 f - 4 potions of cancellation
 g - 5 potions of attraction
 h - 2 potions of might
 i - 9 potions of curing
 j - 8 potions of heal wounds
 l - a potion of flight
 m - 3 potions of resistance
 o - a potion of ambrosia
 r - 6 potions of magic
 H - 3 potions of mutation
 P - 3 potions of lignification
 V - 3 potions of haste


   Skills:
 + Level 16.9 Fighting
 + Level 9.5 Short Blades
 - Level 8.5(9.1) Axes
 - Level 4.8(7.3) Maces & Flails
 + Level 10.7 Armour
 + Level 9.3 Dodging
 + Level 14.8 Shields
 - Level 3.2 Spellcasting
 - Level 4.1 Poison Magic
 - Level 9.4 Invocations
 - Level 8.7 Evocations


You had 17 spell levels left.
You knew the following spells:

 Your Spells              Type           Power      Damage    Failure   Level
a - Olgreb's Toxic Radia  Pois           9%         N/A       99%         4
b - Blink                 Tloc           2%         N/A       99%         2

Your spell library contained the following spells:

 Spells                   Type           Power      Damage    Failure   Level
 Sting                    Tmut/Pois      20%        1d4       77%         1
 Poisonous Vapours        Pois/Air       10%        N/A       88%         2
 Sandblast                Erth           2%         2d4       96%         1
 Slow                     Hex            4%         N/A       96%         1
 Lesser Beckoning         Tloc           2%         N/A       99%         2
 Momentum Strike          Conj/Tloc      2%         3d8       99%         2
 Passwall                 Tmut/Erth      0%         N/A       99%         2
 Static Discharge         Conj/Air       2%         2-3/arc   99%         2
 Confusing Touch          Hex            1%         N/A       100%        3
 Gell's Gravitas          Tloc           1%         N/A       100%        3
 Stone Arrow              Conj/Erth      2%         3d7       100%        3
 Teleport Other           Tloc           1%         N/A       100%        3
 Vampiric Draining        Necr           1%         2d6       100%        3
 Vhi's Electric Charge    Tloc/Air       2%         N/A       100%        3
 Cause Fear               Hex            0%         N/A       100%        4
 Leda's Liquefaction      Hex/Erth       0%         N/A       100%        4
 Arcjolt                  Conj/Air       0%         1d10      100%        5
 Freezing Cloud           Conj/Ice/Air   0%         6-21      100%        5
 Lightning Bolt           Conj/Air       0%         1d11      100%        5
 Yara's Violent Unravell  Hex/Tmut       0%         3d3       100%        5
 Conjure Ball Lightning   Conj/Air       0%         3x3d6     100%        6
 Dispersal                Tloc           0%         N/A       100%        6
 Dragon Form              Tmut           0%         N/A       100%        7
 Enfeeble                 Hex            0%         N/A       100%        7
 Discord                  Hex            0%         N/A       100%        8
 Disjunction              Tloc           0%         N/A       100%        8
 Polar Vortex             Ice            0%         N/A       100%        9
 Summon Lightning Spire   Summ/Air       Unusable   N/A       N/A         4
 Simulacrum               Ice/Necr       Unusable   N/A       N/A         6
 Dragon's Call            Summ           Unusable   N/A       N/A         9

Dungeon Overview and Level Annotations

Branches:
Dungeon (11/15)            Temple (1/1) D:5            Lair (5/5) D:10
 Shoals (3/4) Lair:3        Snake (4/4) Lair:3        Slime (0/5) Lair:5
    Orc (2/2) D:11            Elf (0/3) Orc:2         Sewer (visited)
Ossuary (visited)           IceCv (visited)         Volcano (visited)
Gauntlet (visited)

Altars:
Ashenzari
Cheibriados
Dithmenos
Elyvilon
Fedhas
Gozag
Hepliaklqana
Kikubaaqudgha
Makhleb
Nemelex Xobeh
Okawaru
Qazlal
Ru
Sif Muna
Trog
Uskayaw
Vehumet
Wu Jian
Xom
Yredelemnul
Zin
The Shining One
Jiyva

Shops:
D:1 [   D:5 ?   D:6 :   Orc:2 *[:(   Snake:2 [   Snake:3 [:   Snake:4 [


Innate Abilities, Weirdness & Mutations

You have razor-sharp teeth.
Your natural rate of healing is unusually fast.
When hurt, damage is shared between your health and your magic reserves.
Your bite disrupts and absorbs the magic of your enemies.
Potions cannot restore your health.


Message History

The water elemental completely misses you.
The water nymph casts a spell at you. The water swirls and strikes you!
* * * LOW HITPOINT WARNING * * *
Unknown command.
You slash the water elemental!
You bite the water elemental, but do no damage.
The water elemental is moderately damaged.
You slash the water elemental!
You destroy the water elemental!
The water elemental disappears in a puff of smoke!
You slash the elemental wellspring! You hit the water elemental.
* * * LOW HITPOINT WARNING * * *
Your lungs strain for air!
The water elemental hits you. x2; You block the water elemental's attack.
A torrent of water rises up through the elemental wellspring!
The torrent of water is repelled.
The wave splashes down.
Unknown command.
You slice the water elemental!! Your bite misses the water elemental.
The water elemental is almost destroyed.
You completely miss the elemental wellspring.
You slash the water elemental! You hit the water elemental.
* * * LOW HITPOINT WARNING * * *
Your lungs strain for air!
You block the water elemental's attack. The water elemental misses you.
You block the water elemental's attack.
The water nymph gestures at you while chanting.
The water swirls and strikes you!
* * * LOW HITPOINT WARNING * * *
Unknown command.
You cannot read scrolls while unable to breathe!
Unknown command.
Okay, then.
You feel yourself speed up.
* * * LOW HITPOINT WARNING * * *
Your lungs strain for air!
You block the water elemental's attack. The water elemental hits you.
* * * LOW HITPOINT WARNING * * *
The water elemental hits you.
You die...

≈≈≈≈≈≈~.#..## ##≈~#~........
≈≈≈≈≈≈~...##≈≈≈≈≈##~~.........
≈≈≈≈≈≈~~#.#≈≈≈≈≈≈≈#~#.........
≈≈≈≈≈≈~~..#≈≈≈≈≈≈≈#~~~........
≈≈≈≈≈≈≈~#.# ≈≈≈≈≈≈#~#~~......~
≈≈≈≈≈≈~~~##≈≈≈≈≈##~~~~~~~~~~~
≈≈≈≈≈~#~~##EE§##~(#.~~~~~~~~
≈≈≈≈≈≈~~~~#EEE#~~..~~~~~~~~~
≈≈≈≈≈≈≈#~~#@Em#~~#.~~~~~~~~~
≈≈≈≈≈≈≈≈≈~#~E~#~~~.~~~~~~~~≈
≈≈≈≈≈≈≈≈#~##'##~#~~~~~~~≈≈≈≈
≈≈≈≈≈≈≈≈~~~)~~~)))~~~~~≈≈≈≈≈
≈≈≈≈≈≈≈≈~#~#~#~#~)~~~~≈≈≈≈≈≈
≈≈≈≈≈≈≈≈~~^~~~~~~~~~≈≈≈≈≈≈≈≈
≈≈≈≈≈≈≈≈≈≈≈≈≈≈≈≈≈≈≈≈≈≈≈≈≈≈
≈≈≈≈≈≈≈≈≈≈≈≈≈≈≈≈≈≈≈≈≈≈≈≈≈≈
≈≈≈≈≈≈≈≈≈≈≈≈≈≈≈≈≈≈≈≈≈≈≈≈≈≈


You could see 2 elemental wellsprings, 5 water elementals and a water nymph.

Vanquished Creatures
  Saint Roka (Orc:2)
  Vashnia (Snake:2)
  Rupert (Lair:3)
  Mlioglotl (Shoals:1)
  2 krakens (Shoals:1)
  9 nagarajas
  Louise (Snake:3)
  An orc warlord (Orc:2)
  A stone giant (Volcano)
  An elemental wellspring (Shoals:3)
  Nessos (Orc:2)
  Snorg (D:11)
  A minotaur (Gauntlet)
  A fire dragon (Lair:5)
  An ettin (Orc:2)
  A merfolk javelineer (Shoals:3)
  4 merfolk impalers
  Fannar (Lair:2)
  2 ironbound frosthearts (IceCv)
  3 merfolk avatars (Shoals:3)
  7 salamander tyrants
  A catoblepas (Gauntlet)
  4 hydras
  10 anacondas
  A merfolk aquamancer (Shoals:2)
  An alligator snapping turtle (Shoals:1)
  2 centaur warriors
  A tengu warrior (Gauntlet)
  12 naga warriors
  3 two-headed ogres
  8 death yaks
  A satyr (Shoals:3)
  4 orc high priests (Orc:2)
  30 naga sharpshooters
  6 shock serpents
  4 salamander mystics
  3 fire crabs
  12 sea snakes
  13 naga ritualists
  A lindwurm (Lair:5)
  Pikel (D:7)
  4 orc knights (Orc:2)
  7 orc sorcerers (Orc:2)
  5 harpies (Shoals:2)
  An ugly thing (IceCv)
  10 fauns
  19 mana vipers
  2 cyclopes
  3 manticores
  22 salamanders
  A gargoyle (Gauntlet)
  38 black mambas
  An ice statue (IceCv)
  9 merfolk sirens
  3 molten gargoyles
  17 elephants
  A guardian serpent (Snake:2)
  7 water nymphs
  21 naga magi
  A torpor snail (Lair:3)
  A kobold demonologist (D:9)
  12 komodo dragons
  A rime drake (D:10)
  10 cane toads
  An unseen horror (D:11)
  2 tengu conjurers (Gauntlet)
  An efreet (Volcano)
  2 trolls (D:8)
  4 wind drakes
  30 merfolk
  14 polar bears
  16 blink frogs
  4 dream sheep (Shoals:1)
  5 snapping turtles
  3 water elementals
  4 wyverns
  A shadow (D:10)
  49 yaks
  12 basilisks
  11 fire bats
  2 steam dragons
  3 fire elementals (Volcano)
  8 vampire mosquitoes (D:11)
  4 wargs
  55 nagas
  10 water moccasins
  8 hell hounds
  24 orc warriors
  2 sky beasts
  A black bear (D:7)
  2 ice beasts
  4 ogres
  5 centaurs
  15 wolves
  A kobold brigand (D:7)
  A lemure (D:7)
  A phantom (D:4)
  6 elf zombies (Ossuary)
  12 bullfrogs
  3 gnoll sergeants
  6 scorpions
  A necrophage (D:6)
  An earth elemental (Volcano)
  13 wights
  7 killer bees
  2 howler monkeys
  5 electric eels
  11 lava snakes
  2 centaur zombies (Ossuary)
  7 hounds
  Crazy Yiuf (D:6)
  17 orc priests
  4 human zombies (Ossuary)
  2 iguanas
  38 orc wizards
  Terence (D:2)
  3 mummies (Ossuary)
  15 gnolls
  15 adders
  14 white imps
  An ufetubus (D:5)
  3 worms
  2 dart slugs
  89 orcs
  7 bats
  13 endoplasms
  15 giant cockroaches
  7 goblins
  9 hobgoblins
  11 jackals
  17 quokkas
  7 ball pythons
  8 frilled lizards
  8 kobolds
  3 rats
  7 tentacles (Shoals:1)
1054 creatures vanquished.

Vanquished Creatures (others)
  A salamander (Snake:3)
  A molten gargoyle (Lair:5)
  A wyvern (Lair:4)
  A naga (Snake:3)
  An orc wizard (Orc:2)
  14 fungi
  76 plants
  12 tentacles (Shoals:1)
  5 toadstools (D:4)
112 creatures vanquished.

Grand Total: 1166 creatures vanquished

Notes
Turn   | Place    | Note
-------+----------+-------------------------------------------
     0 | D:1      | hikkokomori the Vine Stalker Fighter began the quest for
                  | the Orb.
     0 | D:1      | Reached XP level 1. HP: 11/11 MP: 2/2
    75 | D:1      | Reached XP level 2. HP: 16/16 MP: 3/3
    76 | D:1      | Found Biluq's Antique Armour Shoppe.
   515 | D:1      | Reached skill level 3 in Fighting
   699 | D:2      | Reached XP level 3. HP: 20/20 MP: 4/4
   943 | D:2      | Noticed Terence
   955 | D:2      | Killed Terence
   956 | D:2      | Gained mutation: Your natural rate of healing is unusually
                  | fast. [Vine Stalker growth]
   956 | D:2      | Reached XP level 4. HP: 4/24 MP: 1/5
  1661 | D:3      | You fall into a shaft and drop 2 floors!
  1661 | D:5      | Entered Level 5 of the Dungeon
  1661 | D:5      | Found Ysaelij's Magic Scroll Shoppe.
  1663 | D:5      | Bought a scroll of teleportation for 39 gold pieces
  1663 | D:5      | Bought a scroll of identify for 26 gold pieces
  1754 | D:4      | Found a sand-covered staircase.
  1796 | Ossuary  | Entered an ossuary
  1826 | Ossuary  | Reached XP level 5. HP: 8/28 MP: 1/6
  1929 | Ossuary  | Reached XP level 6. HP: 31/33 MP: 7/7
  1951 | Ossuary  | Reached skill level 4 in Fighting
  2023 | Ossuary  | Reached XP level 7. HP: 31/37 MP: 5/8
  2504 | D:4      | Found a hazy altar of Hepliaklqana.
  2652 | D:4      | Gained mutation: You have razor-sharp teeth. [Vine Stalker
                  | growth]
  2652 | D:4      | Reached XP level 8. HP: 36/42 MP: 7/9
  2718 | D:4      | Reached skill level 5 in Fighting
  3055 | D:3      | Reached skill level 5 in Shields
  3658 | D:5      | Identified the +9 hand axe "Cimuic" {drain, Dex+2}
  3995 | D:5      | Reached skill level 5 in Short Blades
  3995 | D:5      | Reached skill level 5 in Armour
  4061 | D:5      | Learned a level 4 spell: Olgreb's Toxic Radiance
  4159 | D:1      | Bought a shiny kite shield for 180 gold pieces
  4323 | D:6      | Found a glowing drain.
  4333 | Sewer    | Entered a sewer
  4469 | Sewer    | Reached skill level 1 in Poison Magic
  4548 | Sewer    | Reached XP level 9. HP: 47/48 MP: 8/10
  4645 | D:6      | Found a shimmering altar of Xom.
  4659 | D:6      | Reached skill level 6 in Fighting
  4750 | D:5      | Found a staircase to the Ecumenical Temple.
  4762 | Temple   | Entered the Ecumenical Temple
  4851 | Temple   | Became a worshipper of Warmaster Okawaru
  5415 | D:6      | Found Yfuug's Book Boutique.
  5492 | D:6      | Found a basalt altar of Yredelemnul.
  5692 | D:6      | Reached * piety under Okawaru
  5844 | D:6      | Found a runed translucent door.
  5845 | D:6      | Noticed Crazy Yiuf
  5959 | D:6      | Killed Crazy Yiuf
  6000 | D:7      | Noticed Pikel
  6015 | D:7      | Reached skill level 7 in Fighting
  6018 | D:7      | Killed Pikel
  6018 | D:7      | Reached ** piety under Okawaru
  6019 | D:7      | Reached XP level 10. HP: 55/55 MP: 10/14
  6241 | D:7      | Reached skill level 1 in Maces & Flails
  7107 | D:8      | Reached skill level 1 in Invocations
  7122 | D:8      | Noticed a cyclops
  7141 | D:8      | Killed a cyclops
  7141 | D:8      | Reached *** piety under Okawaru
  7142 | D:8      | Reached skill level 8 in Fighting
  7518 | D:8      | Noticed a seven-headed hydra
  7540 | D:8      | Killed a seven-headed hydra
  7627 | D:8      | Learned a level 2 spell: Blink
  7890 | D:9      | Reached XP level 11. HP: 42/59 MP: 8/16
  8078 | D:9      | Reached skill level 1 in Evocations
  8115 | D:9      | Reached **** piety under Okawaru
  8726 | D:10     | Entered Level 10 of the Dungeon
  8865 | D:10     | Found a staircase to the Lair.
  8973 | D:10     | Found an ornate altar of the Wu Jian Council.
  9047 | D:10     | Noticed a two-headed ogre
  9056 | D:10     | Killed a two-headed ogre
  9125 | D:10     | Reached skill level 9 in Fighting
  9546 | D:11     | Noticed a two-headed ogre
  9557 | D:11     | Killed a two-headed ogre
  9558 | D:11     | Reached skill level 1 in Axes
  9558 | D:11     | Reached skill level 5 in Invocations
  9603 | D:11     | Reached ***** piety under Okawaru
  9629 | D:11     | Noticed Snorg
  9632 | D:11     | Noticed a two-headed ogre
  9655 | D:11     | Killed a two-headed ogre
  9656 | D:11     | Reached XP level 12. HP: 66/66 MP: 17/17
  9663 | D:11     | Killed Snorg
  9671 | D:11     | Found a staircase to the Orcish Mines.
  9743 | D:11     | Found a frozen archway.
  9770 | IceCv    | Entered an ice cave
 10020 | IceCv    | Noticed a death yak
 10042 | IceCv    | Killed a death yak
 10043 | IceCv    | Reached skill level 5 in Evocations
 10047 | IceCv    | Reached ****** piety under Okawaru
 10055 | IceCv    | Received a gift from Okawaru
 10179 | IceCv    | Reached skill level 10 in Fighting
 10205 | IceCv    | Noticed a death yak
 10205 | IceCv    | Noticed a death yak
 10205 | IceCv    | Noticed an ironbound frostheart
 10205 | IceCv    | Noticed an ironbound frostheart
 10223 | IceCv    | Reached skill level 10 in Shields
 10232 | IceCv    | Killed a death yak
 10237 | IceCv    | Killed a death yak
 10246 | IceCv    | Killed an ironbound frostheart
 10264 | IceCv    | Reached XP level 13. HP: 65/72 MP: 19/19
 11019 | Lair:1   | Entered Level 1 of the Lair of Beasts
 11175 | Lair:1   | Reached skill level 5 in Axes
 12260 | Lair:2   | Noticed Fannar
 12274 | Lair:2   | Killed Fannar
 12650 | Lair:3   | Found a gate leading to a gauntlet.
 12654 | Gauntlet | Entered a Gauntlet
 12654 | Gauntlet | Found a transporter.
 12654 | Gauntlet | Found a transporter.
 12654 | Gauntlet | Found a large runed translucent door.
 12654 | Gauntlet | Found a large runed translucent door.
 12654 | Gauntlet | Found a large runed translucent door.
 12654 | Gauntlet | Found a large runed translucent door.
 12654 | Gauntlet | Found a large runed translucent door.
 12654 | Gauntlet | Found a large runed translucent door.
 12654 | Gauntlet | Found a runed translucent door.
 12654 | Gauntlet | Found a runed translucent door.
 12654 | Gauntlet | Found a large runed translucent door.
 12654 | Gauntlet | Found a large runed translucent door.
 12654 | Gauntlet | Found a large runed translucent door.
 12654 | Gauntlet | Found a large runed translucent door.
 12654 | Gauntlet | Found a large runed translucent door.
 12654 | Gauntlet | Found a large runed translucent door.
 12656 | Gauntlet | Identified a scroll of acquirement
 12657 | Gauntlet | Acquired a manual of Fighting
 12663 | Gauntlet | Found a transporter.
 12673 | Gauntlet | Found a transporter.
 12697 | Gauntlet | Found a transporter.
 12709 | Gauntlet | Found a transporter.
 12711 | Gauntlet | Found a transporter.
 12741 | Gauntlet | Found a transporter.
 12763 | Gauntlet | Found a transporter.
 12767 | Gauntlet | Found a large runed translucent door.
 12768 | Gauntlet | Found a large runed translucent door.
 12771 | Gauntlet | Found a runed translucent gate.
 12772 | Gauntlet | Found a runed translucent gate.
 12774 | Gauntlet | Found a transporter.
 12775 | Gauntlet | Found a runed translucent gate.
 12801 | Gauntlet | Found a large runed translucent door.
 12802 | Gauntlet | Found a large runed translucent door.
 12831 | Gauntlet | Found a transporter.
 12852 | Gauntlet | Found a transporter.
 12870 | Gauntlet | Found a transporter.
 13000 | Gauntlet | Found a transporter.
 13025 | Gauntlet | Found a transporter.
 13036 | Gauntlet | Found a transporter.
 13269 | Gauntlet | Identified the amulet "Maot" {Acrobat rPois Stlth+}
 13348 | Gauntlet | Reached skill level 11 in Fighting
 13359 | Gauntlet | Received a gift from Okawaru
 13380 | Gauntlet | Identified the +2 pair of gloves of Untruth {Regen+}
 13472 | Gauntlet | Noticed a minotaur
 13490 | Gauntlet | Killed a minotaur
 13516 | Gauntlet | Identified the +6 arbalest of Mockipex {antimagic, Fly
                  | rCorr Dex+3}
 13524 | Lair:3   | Noticed Rupert
 13539 | Lair:3   | Killed Rupert
 13669 | Lair:3   | Found a staircase to the Snake Pit.
 13819 | Lair:3   | Got the Atlas of Generative Terrain
 14282 | Lair:3   | Reached XP level 14. HP: 79/79 MP: 21/21
 14287 | Lair:3   | Reached skill level 1 in Dodging
 14330 | Lair:3   | Found a staircase to the Shoals.
 14888 | Lair:4   | Reached skill level 12 in Fighting
 15037 | Lair:4   | You fall into a shaft and drop 1 floor!
 15037 | Lair:5   | Entered Level 5 of the Lair of Beasts
 15039 | Lair:5   | Found a dark tunnel.
 15051 | Volcano  | Entered a volcano
 15283 | Volcano  | Found a burning altar of Makhleb.
 15301 | Volcano  | Noticed a stone giant
 15315 | Volcano  | Killed a stone giant
 15461 | Lair:4   | Received a gift from Okawaru
 16257 | Orc:1    | Entered Level 1 of the Orcish Mines
 16621 | Orc:2    | Entered Level 2 of the Orcish Mines
 16681 | Orc:2    | Noticed Saint Roka
 16875 | Orc:2    | Found a staircase to the Elven Halls.
 16883 | Orc:2    | Noticed Nessos
 16895 | Orc:2    | Killed Nessos
 17006 | Orc:2    | Noticed an orc warlord
 17230 | Orc:2    | Killed Saint Roka
 17494 | Orc:2    | Identified the +3 morningstar of Boqaxar {drain, rF+}
                  | (Okawaru gifted it to you on level 2 of the Orcish Mines)
 17494 | Orc:2    | Received a gift from Okawaru
 17608 | Orc:2    | Reached XP level 15. HP: 85/85 MP: 23/23
 17687 | Orc:2    | Found Meomy's General Store.
 17688 | Orc:2    | Found Entog's Book Emporium.
 17690 | Orc:2    | Found Mileh's Antique Armour Emporium.
 17690 | Orc:2    | Found Vayv's Antique Weapon Shoppe.
 17764 | Orc:2    | Reached skill level 13 in Fighting
 17827 | Orc:2    | Killed an orc warlord
 19274 | D:1      | Bought shiny storm dragon scales for 1992 gold pieces
 19599 | Lair:5   | Found a staircase to the Slime Pits.
 19599 | Lair:5   | Found a viscous altar of Jiyva.
 19764 | Lair:5   | Received a gift from Okawaru
 19980 | Lair:5   | Found a large runed translucent door.
 19980 | Lair:5   | Found a large runed translucent door.
 20635 | Snake:1  | Entered Level 1 of the Snake Pit
 20747 | Snake:1  | Received a gift from Okawaru
 20748 | Snake:1  | Reached skill level 5 in Dodging
 20837 | Snake:1  | Reached skill level 14 in Fighting
 21010 | Snake:2  | Reached XP level 16. HP: 85/93 MP: 15/24
 21037 | Snake:2  | Received a gift from Okawaru
 21347 | Snake:2  | Noticed Vashnia
 21389 | Snake:2  | Received a gift from Okawaru
 21397 | Snake:2  | Killed Vashnia
 21519 | Snake:2  | Reached skill level 15 in Fighting
 21580 | Snake:2  | Found Futauwalo's Armour Shop.
 21857 | Snake:2  | Noticed a nagaraja
 21879 | Snake:2  | Killed a nagaraja
 23152 | Snake:3  | Reached XP level 17. HP: 97/99 MP: 16/25
 23207 | Snake:3  | Noticed Louise
 23242 | Snake:3  | Killed Louise
 23344 | Snake:3  | Found Searghor's Armour Shoppe.
 23345 | Snake:3  | Found Neiczio's Book Emporium.
 23702 | Snake:3  | Identified the +2 scale mail "Veka" {MP+9} (Okawaru gifted
                  | it to you on level 3 of the Snake Pit)
 23702 | Snake:3  | Received a gift from Okawaru
 24420 | Snake:4  | Entered Level 4 of the Snake Pit
 24429 | Snake:4  | Found Soxtew's Armour Shoppe.
 24553 | Snake:4  | Reached skill level 16 in Fighting
 24922 | Snake:4  | Received a gift from Okawaru
 25149 | Snake:4  | Reached XP level 18. HP: 94/106 MP: 26/26
 25172 | Snake:4  | Found a glowing golden altar of the Shining One.
 25437 | Snake:4  | Reached skill level 10 in Armour
 25542 | Snake:4  | Got a serpentine rune of Zot
 25719 | Shoals:1 | Entered Level 1 of the Shoals
 25914 | Shoals:1 | Received a gift from Okawaru
 25925 | Shoals:1 | Noticed Mlioglotl
 25948 | Shoals:1 | Killed Mlioglotl
 25988 | Shoals:1 | Received a gift from Okawaru
 26910 | Shoals:2 | You fall into a shaft and drop 1 floor!
 28032 | Shoals:3 | HP: 5/107 [drowned by a water elemental[an elemental
                  | wellspring] (6)]
 28032 | Shoals:3 | HP: 2/107 [water elemental[an elemental wellspring] (5)]
 28032 | Shoals:3 | Slain by a water elemental

Illustrated notes

Levels and vault maps discovered:
D:1:      sevenhm_arrival_forest_fort_large_2, layout_rooms, serial_shops, shop,
          minmay_misc_feat_square
D:2:      layout_basic, uniq_terence
D:3:      layout_basic
D:4:      layout_basic, mainiacjoe_overflow_alcove_2,
          nicolae_ossuary_entry_monument, minmay_gold_behind_fungi,
          minmay_circle_x
D:5:      minmay_inner_zag, layout_loops_cross, serial_shops,
          nicolae_shop_temple_entry_statues_fountains, kennysheep_generic_room_9
D:6:      layout_gridville, mainiacjoe_overflow_small_starburst,
          kennysheep_mini, serial_shops, shop, portal_sewer_entry_f,
          uniq_crazy_yiuf_cottage
D:7:      layout_loops_ring, uniq_pikel
D:8:      layout_basic, reono_crystal_passage, kb_rosetta
D:9:      layout_gridville, kennysheep_flooded_box, kennysheep_minor_cross,
          hangedman_decor_push
D:10:     layout_irregular_city, mainiacjoe_overflow_alcove_1,
          hellmonk_lair_entry_icy
D:11:     layout_grid_maze, orc_0_dummy, portal_ice_cave_entry_imps, uniq_snorg
Temple:   mainiacjoe_temple_bowtie_tessellation
Lair:1:   layout_regular_city, guppyfry_lair_drakes
Lair:2:   layout_hall_layers, uniq_fannar
Lair:3:   layout_layer_cave, elwin_shoals_entry_rooms,
          nicolae_snake_entry_squirm, gauntlet_entry_generic,
          grunt_forest_stairs_basic, uniq_rupert
Lair:4:   layout_gridlike, serial_rivers, chequers_serial_rivers_small_a,
          chequers_serial_rivers_small_b, chequers_serial_rivers_micro_d,
          chequers_serial_rivers_micro_b, chequers_serial_rivers_large_b,
          lemuel_fruit_tree
Lair:5:   cheibrodos_lair_end_hotspot, layout_regular_city, slime_entry_1,
          enter_volcano_3, serial_bayou_shore_a
Shoals:1: nicolae_shoals_lighthouse, layout_shoals, uniq_mlioglotl
Shoals:2: layout_shoals
Shoals:3: layout_shoals, nicolae_shoals_square_sea_wall,
          nicolae_shoals_spring_well_temple
Snake:1:  nicolae_snake_shooting_gallery, layout_chambers
Snake:2:  layout_basic, serial_shops, shop, grunt_megastairs_1, uniq_vashnia
Snake:3:  layout_basic, minmay_shoptagon, uniq_louise
Snake:4:  minmay_snake_end_coiled, layout_cave_town, basic_altar, serial_shops,
          nicolae_shop_behind_doors, nicolae_snake_guarding_the_ruins
Orc:1:    layout_caves
Orc:2:    st_orc_congregation, layout_diamond_mine, basic_altar, uniq_nessos,
          uniq_saint_roka

Skill      XL: |  1  2  3  4  5  6  7  8  9 10 11 12 13 14 15 16 17 18 |
---------------+-------------------------------------------------------+-----
Short Blades   | 2 3 4 5 6 8 9 |  9.5
Fighting       | 3 4 5 7 8 9 10 11 12 14 15 16 | 16.9
Shields        | 3 4 5 7 8 9 10 11 12 13 14 | 14.8
Armour         | 3 4 5 6 7 8 9 10 | 10.7
Poison Magic   | 1 4 |  4.1
Spellcasting   | 2 3 |  3.2
Maces & Flails | 3 4 |  4.8
Invocations    | 3 5 7 8 9 |  9.4
Evocations     | 3 5 7 8 |  8.7
Axes           | 2 4 6 7 8 |  8.5
Dodging        | 3 5 7 8 9 |  9.3

Action                     |  1- 3 |  4- 6 |  7- 9 | 10-12 | 13-15 | 16-18 || total
---------------------------+-------+-------+-------+-------+-------+-------++-------
  Melee: Rapier            |    84 |   219 |   290 |       |       |       ||   593
         Bite              |    15 |    86 |   147 |   171 |   425 |   629 ||  1473
         Hand axe          |       |       |   190 |   507 |  1127 |  1460 ||  3284
   Fire: Hand crossbow     |       |       |       |       |    18 |       ||    18
  Throw: Javelin           |       |       |       |       |     4 |       ||     4
 Invoke: Heroism           |       |       |       |     6 |    20 |     8 ||    34
         Finesse           |       |       |       |     1 |     1 |     2 ||     4
  Evoke: Wand              |       |       |     1 |    10 |    17 |    23 ||    51
    Use: Potion            |     1 |       |     3 |       |     3 |     3 ||    10
         Scroll            |       |     7 |     9 |     9 |    18 |     4 ||    47
   Stab: Distracted        |       |       |       |       |     3 |       ||     3
         Sleeping          |       |       |       |       |     3 |       ||     3
         Invisible         |       |       |       |       |     1 |     2 ||     3
 Armour: Scale mail        |    35 |    82 |    89 |       |       |       ||   206
         Leather armour    |       |       |    87 |   173 |       |       ||   260
         Plate armour      |       |       |       |    26 |   233 |       ||   259
         Ring mail         |       |       |       |       |    92 |       ||    92
         Storm dragon scal |       |       |       |       |   119 |   463 ||   582
  Dodge: Dodged            |    47 |    80 |   161 |   332 |   563 |   745 ||  1928
         Repelled          |       |       |       |       |       |    46 ||    46
  Block: Buckler           |    19 |    51 |    82 |       |       |       ||   152
         Kite shield       |       |       |   133 |   468 |   890 |  1311 ||  2802
         Reflection        |       |       |       |       |       |    10 ||    10

Table legend: (Time is in decaauts)
 A = Elapsed time spent in this place.
 B = Non-inter-level travel time spent in this place.
 C = Inter-level travel time spent in this place.
 D = Time resting spent in this place.
 E = Time spent auto-exploring this place.
 F = Levels seen in this place.
 G = Mean time per level.
                   A        B        C        D        E       F      G
               +--------+--------+--------+--------+--------+-----+--------+
         Total |  28475 |  25650 |   2825 |    259 |  17026 |  31 |  918.5 |
       Dungeon |  10659 |   8950 |   1709 |    102 |   6654 |  11 |  969.0 |
        Temple |    238 |    207 |     31 |      0 |    190 |   1 |  238.0 |
          Lair |   5492 |   4859 |    633 |      4 |   3822 |   5 | 1098.4 |
        Shoals |   2470 |   2417 |     53 |     26 |   1394 |   3 |  823.3 |
     Snake Pit |   4917 |   4601 |    316 |     21 |   3171 |   4 | 1229.2 |
  Orcish Mines |   1949 |   1867 |     82 |     40 |   1285 |   2 |  974.5 |
         Sewer |    332 |    332 |      0 |      0 |    117 |   1 |  332.0 |
       Ossuary |    425 |    425 |      0 |     40 |     28 |   1 |  425.0 |
      Ice Cave |    784 |    784 |      0 |     26 |    317 |   1 |  784.0 |
       Volcano |    347 |    347 |      0 |      0 |     47 |   1 |  347.0 |
      Gauntlet |    856 |    856 |      0 |      0 |      0 |   1 |  856.0 |
               +--------+--------+--------+--------+--------+-----+--------+

Top non-repeatable levels by time:
   Orc:2: 1580 daAuts
  Lair:3: 1448 daAuts
 Snake:1: 1376 daAuts
 Snake:3: 1311 daAuts
  Lair:5: 1274 daAuts
     D:5: 1221 daAuts
 Snake:4: 1143 daAuts
     D:6: 1128 daAuts
 Snake:2: 1086 daAuts
     D:9: 1083 daAuts
  Lair:4: 1083 daAuts
     D:8: 1068 daAuts
     D:4: 1035 daAuts
     D:7: 996 daAuts
    D:11: 926 daAuts
